 Dungeon Crawl Stone Soup version 0.21-a0-552-g593960d (webtiles) character file.

8 polly the Skirmisher (level 2, 20/24 HPs)
             Began as a Demonspawn Berserker on Dec 18, 2017.
             Was a Follower of Trog.
             Quit the game on level 1 of the Dungeon.
             The game lasted 00:00:16 (234 turns).

polly the Skirmisher (Demonspawn Berserker)          Turns: 234, Time: 00:00:17

Health: 20/24      AC:  2    Str: 17    XL:     2   Next: 0%
Magic:  2/2        EV: 12    Int:  8    God:    Trog [*.....]
Gold:   13         SH:  0    Dex: 12    Spells: 1/1 levels left

rFire    . . .     SeeInvis .   a - +0 mace
rCold    . . .     Gourm    .   (no shield)
rNeg     . . .     Faith    .   b - +0 animal skin
rPois    .         Spirit   .   (no helmet)
rElec    .         Reflect  .   (no cloak)
rCorr    .         Harm     .   (no gloves)
MR       .....                  (no boots)
Stlth    +.........             (no amulet)
HPRegen  0.08/turn              (no ring)
MPRegen  0.08/turn              (no ring)

@: no status effects
A: demonic guardian 1
a: Berserk, Burn Spellbooks, Renounce Religion


You were on level 1 of the Dungeon.
You worshipped Trog.
Trog was aware of your devotion.
You were not hungry.

You visited 1 branch of the dungeon, and saw 1 of its levels.

You collected 13 gold pieces.

Inventory:

Hand Weapons
 a - a +0 mace (weapon)
Armour
 b - a +0 animal skin (worn)
Jewellery
 h - an uncursed ring of poison resistance {unknown}
Scrolls
 e - a scroll of amnesia {unknown}
 f - 2 scrolls of teleportation {unknown}
 g - a scroll of enchant weapon {unknown}
Potions
 d - a potion of cancellation {unknown}
 i - a potion of resistance {unknown}
Comestibles
 c - 2 bread rations
 j - a meat ration


   Skills:
 + Level 3.1 Fighting
 + Level 2.9 Maces & Flails
 + Level 2.0 Armour
 + Level 1.8 Dodging


You had one spell level left.
You didn't know any spells.

Dungeon Overview and Level Annotations

Branches:
Dungeon (1/15)

Altars:


Innate Abilities, Weirdness & Mutations

A weak demonic guardian rushes to your aid.


Message History

j - a meat ration A leopard gecko comes into view.
The leopard gecko hisses angrily.
The leopard gecko hisses menacingly.
The leopard gecko closely misses you.
You closely miss the leopard gecko.
The leopard gecko bites you but does no damage.
You hit the leopard gecko but do no damage.
The leopard gecko closely misses you. x2
You closely miss the leopard gecko. The leopard gecko bites you.
You barely miss the leopard gecko. The leopard gecko bites you.
The leopard gecko bites you but does no damage.
You hit the leopard gecko.
You kill the leopard gecko!
Trog accepts your kill.
You have reached level 2!
Your demonic ancestry asserts itself...
You feel the presence of a demonic guardian.
A giant cockroach comes into view.
Are you sure you want to abandon this character and quit the game? (Confirm with "yes".)

..........#.#
.#..##......##.#..
..........#.##.#.. .
............##...# ..
............##.#[##. .#.
................... ....
.............#...##....s
....###..........[...#
.##.# #......#..@#
.##.###..........# #
##....#.#....#..###..#
.....................#
.#.#.#.#.#.......#####
............####.#
#.#.#.#.#.#.# #.#
............## #..
.#.#.#.#.#.#.# ###.


You could see a giant cockroach (sleeping).

Vanquished Creatures
  A leopard gecko (D:1)
  A hobgoblin (D:1)
  A ball python (D:1)
  A bat (D:1)
  A frilled lizard (D:1)
  4 rats (D:1)
9 creatures vanquished.

Notes
Turn   | Place    | Note
-------+----------+-------------------------------------------
     0 | D:1      | polly the Demonspawn Berserker began the quest for the Orb.
     0 | D:1      | Reached XP level 1. HP: 18/18 MP: 1/1
   228 | D:1      | Gained mutation: A weak demonic guardian rushes to your aid. [demonic ancestry]
   228 | D:1      | Reached XP level 2. HP: 19/24 MP: 2/2
   234 | D:1      | Quit the game

Vault maps used:
D:1:      dpeg_arrival_rhombus, hex_large

Skill      XL: |  1 |
---------------+----+-----
Armour         | 2 |  2.0
Fighting       | |  3.1
Maces & Flails | |  2.9
Dodging        | |  1.8

Action                   || total
-------------------------++-------
Melee: Mace              ||    18
 Stab: Sleeping          ||     2
Armor: Animal skin       ||    10
Dodge: Dodged            ||    13

Table legend:
 A = Spawn XP
 B = Non-spawn XP
 C = Spawn XP percentage of total XP
 D = Spawn monster count
 E = Non-spawn monster count
 F = Spawn count percentage of total count
 G = Total turns spent on level
                    A         B        C        D         E        F      G
               +---------+---------+-------+---------+---------+-------+---------
         Total |       0 |      12 |   0.0 |       0 |       9 |   0.0 |   234
               +---------+---------+-------+---------+---------+-------+---------
           D:1 |       0 |      12 |   0.0 |       0 |       9 |   0.0 |   234
               +---------+---------+-------+---------+---------+-------+---------
